 Dungeon Crawl Stone Soup version 0.30-b1-2-g02819fbbbe (webtiles) character file.

Game seed: 13909602268242296088

34 Banci the Twirler (level 3, -2/22 HPs)
             Began as a Gargoyle Gladiator on Dec 29, 2023.
             Slain by a goblin
             ... wielding a +0 dagger
             ... led by Robin
              (5 damage)
             ... on level 2 of the Dungeon.
             The game lasted 00:02:18 (729 turns).

Banci the Twirler (Gargoyle Gladiator)               Turns: 729, Time: 00:02:18

Health: -2/22      AC:  4    Str: 19    XL:     3   Next: 31%
Magic:  3/3        EV: 12    Int:  8    God:
Gold:   22         SH:  0    Dex: 11    Spells: 2/2 levels left

rFire   . . .        a - +0 quarterstaff
rCold   . . .        (shield currently unavailable)
rNeg    + . .        (no body armour)
rPois   ∞            c - +0 helmet
rElec   +            (no cloak)
rCorr   .            (no gloves)
SInv    .            (no boots)
Will    .....        (no amulet)
Stlth   +            (no ring)
HPRegen 0.23/turn    (no ring)
MPRegen 0.08/turn

%: no passive effects
@: no status effects
A: sickness immunity, AC +3, negative energy resistance 1, electricity
resistance, torment resistance 1, petrification resistance
a: no special abilities


You were on level 2 of the Dungeon.
You visited 1 branch of the dungeon, and saw 2 of its levels.

You collected 22 gold pieces.

Inventory:

Hand Weapons
 a - a +0 quarterstaff (weapon)
Missiles
 d - 3 throwing nets (quivered)
 e - a javelin
Armour
 b - a +0 leather armour
 c - a +0 helmet (worn)
 m - a +0 plate armour
Scrolls
 i - 2 scrolls of torment {unknown}
 j - a scroll of vulnerability {unknown}
 k - a scroll of teleportation {unknown}
Potions
 f - a potion of magic {unknown}
 g - a potion of attraction {unknown}
 h - a potion of mutation {unknown}
 l - a potion of curing {unknown}


   Skills:
 + Level 2.6 Fighting
 + Level 3.6 Staves
 + Level 2.0 Throwing
 + Level 0.5 Armour
 + Level 2.5 Dodging


You had 2 spell levels left.
You didn't know any spells.
Your spell library was empty.

Dungeon Overview and Level Annotations

Branches:
Dungeon (2/15)

Altars:

Annotations:
D:2 Robin


Innate Abilities, Weirdness & Mutations

You are immune to sickness and miasma.
Your stone body is resilient. (AC +3)
You are immune to poison.
You resist negative energy. (rN+)
You are resistant to electric shocks. (rElec)
You are resistant to unholy torment.
You are immune to petrification.


Message History

You sock the goblin!
You kill the goblin!
Robin says, "My army is invincible!"
Robin throws the goblin at you!
You hit the goblin.
The goblin is moderately wounded.
The goblin hits you but does no damage. x2
You hit the goblin.
The goblin is heavily wounded.
The goblin barely misses you. The goblin hits you with a +0 dagger.
You barely miss the goblin.
The goblin is heavily wounded.
The goblin no longer looks unusually strong.
The goblin hits you with a +0 dagger. The goblin barely misses you.
You sock the goblin!
You kill the goblin!
The goblin no longer looks unusually strong.
The goblin hits you with a +0 dagger. x2
Robin flexes a bicep menacingly.
Robin throws the goblin at you! The goblin barely misses you.
You see here a +0 dagger.
You barely miss the goblin. The goblin barely misses you.
The goblin closely misses you.
You hit the goblin.
You kill the goblin!
A goblin comes into view. It is wielding a +0 dagger.
Robin roars a battlecry!
The goblins go into a battle-frenzy!
The goblin hits you but does no damage.
You barely miss the goblin. The goblin hits you with a +0 dagger.
The goblin hits you with a +0 club.
* * * LOW HITPOINT WARNING * * *
Robin throws the goblin at you!
* * * LOW HITPOINT WARNING * * *
You hit the goblin.
You kill the goblin!
The goblin hits you with a +0 dagger.
* * * LOW HITPOINT WARNING * * *
The goblin hits you with a +0 dagger.
You die...

..... #....
#.... #....
#... #...
#<..######
#....g)@g#
.......)###g..#
...)....#
#.......
......g.#
#.....##
####..?..
...##.# #...##
##.# .# #g.g .#
# #g.g ..


You could see Robin and 2 goblins.

Vanquished Creatures
  An endoplasm (D:1)
  3 giant cockroaches (D:1)
  10 goblins
  4 hobgoblins
  4 kobolds (D:1)
  2 ball pythons (D:1)
  A bat (D:1)
  3 frilled lizards (D:1)
  3 rats (D:1)
31 creatures vanquished.

Notes
Turn   | Place    | Note
-------+----------+-------------------------------------------
     0 | D:1      | Banci the Gargoyle Gladiator began the quest for the Orb.
     0 | D:1      | Reached XP level 1. HP: 12/12 MP: 1/1
   132 | D:1      | Reached XP level 2. HP: 17/18 MP: 2/2
   548 | D:1      | Reached XP level 3. HP: 22/22 MP: 3/3
   705 | D:2      | Noticed Robin
   729 | D:2      | Slain by a goblin

Illustrated notes

Levels and vault maps discovered:
D:1:      wander_arrival_estate, layout_loops_ring,
          shapermc_ecumenical_altar_petra
D:2:      layout_loops_cross, basic_altar, uniq_sigmund, uniq_robin

Skill      XL: |  1  2 |
---------------+-------+-----
Throwing       | 2 |  2.0
Fighting       | |  2.6
Staves         | |  3.6
Armour         | |  0.5
Dodging        | |  2.5

Action                     || total
---------------------------++-------
  Melee: Quarterstaff      ||    72
 Armour: Leather armour    ||    16
         Skin              ||     7
  Dodge: Dodged            ||    41
